 Dungeon Crawl Stone Soup version 0.31-a0-165-g3f4f80340b (webtiles) character file.

Game seed: 12798750532561787263

35 qw the Shooter (level 3, 0/21 HPs)
             Began as a Gargoyle Hunter on June 13, 2023.
             Slain by Terence
             ... wielding a +4 morningstar of flaming
              (1 damage)
             ... on level 2 of the Dungeon.
             The game lasted 00:00:21 (1083 turns).

qw the Shooter (Gargoyle Hunter)                    Turns: 1083, Time: 00:00:22

Health: 0/21       AC: 12    Str: 14    XL:     3   Next: 33%
Magic:  3/3        EV: 10    Int:  9    God:
Gold:   73         SH:  0    Dex: 15    Spells: 2/2 levels left

rFire   . . .        Y - +0 shortbow
rCold   . . .        (shield currently unavailable)
rNeg    + . .        i - +4 ring mail
rPois   inf          (no helmet)
rElec   +            (no cloak)
rCorr   .            (no gloves)
SInv    .            (no boots)
Will    .....        (no amulet)
Stlth   +            (no ring)
HPRegen 0.23/turn    (no ring)
MPRegen 0.08/turn

%: no passive effects
@: no status effects
A: sickness immunity, AC +3, negative energy resistance 1, electricity
resistance, torment resistance 1, petrification resistance
a: no special abilities


You were on level 2 of the Dungeon.
You visited 1 branch of the dungeon, and saw 2 of its levels.

You collected 73 gold pieces.


Innate Abilities, Weirdness & Mutations

You are immune to sickness and miasma.
Your stone body is resilient. (AC +3)
You are immune to poison.
You resist negative energy. (rN+)
You are resistant to electric shocks. (rElec)
You are resistant to unholy torment.
You are immune to petrification.


   Skills:
 - Level 2.2 Fighting
 - Level 5.0 Ranged Weapons
 + Level 0.8 Armour
 - Level 1.5 Dodging
 - Level 1.1 Stealth


You had 2 spell levels left.
You didn't know any spells.
Your spell library was empty.

Inventory:

Hand Weapons
 Y - a +0 shortbow (weapon)
Armour
 i - a +4 ring mail (worn)
Jewellery
 h - a ring of fire
Scrolls
 f - a scroll of identify
Potions
 d - 2 potions of heal wounds {unknown}
 g - a potion of curing {unknown}
 j - a potion of haste {unknown}
 k - a potion of attraction

Dungeon Overview and Level Annotations

Branches:
Dungeon (2/15)

Altars:

Annotations:
D:2 Terence


Message History

Enter note:
Enter note: You shoot an arrow.
The arrow hits the dart slug!
The dart slug is almost dead.
You shoot an arrow. The arrow hits the dart slug!
You kill the dart slug!
Terence the Incautious comes into view.
He is wielding a +4 morningstar of flaming.
Terence shouts!
Enter note:
Enter note:
Enter note:
Enter note: You shoot an arrow.
The arrow barely misses Terence.
You shoot an arrow.
The arrow hits Terence but does no damage.
You shoot an arrow.
The arrow hits Terence but does no damage.
Terence barely misses you.
You shoot an arrow.
The arrow hits Terence but does no damage.
Terence hits you with a +4 morningstar of flaming.
Terence burns you.
You shoot an arrow. The arrow closely misses Terence.
Terence hits you with a +4 morningstar of flaming.
Terence burns you. Terence closely misses you.
You shoot an arrow. The arrow barely misses Terence.
Terence misses you.
You shoot an arrow. The arrow hits Terence.
Terence is moderately wounded.
Terence hits you but does no damage.
You shoot an arrow.
The arrow hits Terence but does no damage.
Terence is moderately wounded.
Terence hits you with a +4 morningstar of flaming.
Terence burns you.
You shoot an arrow. The arrow hits Terence.
Terence is heavily wounded.
Terence hits you with a +4 morningstar of flaming!
Terence burns you.
You die...

### ..# ..... #.#
#.... #.# ... #.# ...
##.##### #%#
##..###......# #.#
......@@.###.# ##.##
.##.#.#.####.# #....
..........#######.###
###...#.##.........#
#...#.##..######.#
..........# #.#
###.#####.## #.# #.
#.# #.# ..# #.#


You could see Terence.

Vanquished Creatures
  A dart slug (D:2)
  4 ball pythons
  An endoplasm (D:1)
  2 giant cockroaches
  9 hobgoblins (D:1)
  4 kobolds (D:1)
  A quokka (D:1)
  A bat (D:1)
  2 frilled lizards
  5 rats
30 creatures vanquished.

Notes
Turn   | Place    | Note
-------+----------+-------------------------------------------
     0 | D:1      | qw the Gargoyle Hunter began the quest for the Orb.
     0 | D:1      | Reached XP level 1. HP: 12/12 MP: 1/1
     0 | D:1      | 0 ||| qw: Version: 0.2-a-29-gc1b59c4
     0 | D:1      | 0 ||| qw: Game counter: 4794
     0 | D:1      | 0 ||| qw: Always use a shield: true
     0 | D:1      | 0 ||| qw: God list: Okawaru
     0 | D:1      | 0 ||| qw: Allow faded altars: false
     0 | D:1      | 0 ||| qw: Do Orc after D:15 true
     0 | D:1      | 0 ||| qw: Do second Lair branch before Depths: true
     0 | D:1      | 0 ||| qw: Lair rune preference: random
     0 | D:1      | 0 ||| qw: Plans: Normal, Zot:1-4, Slime:5, God:TSO, Crypt,
                  | Tomb, Abyss, Pan, Hells, Win
     0 | D:1      | 0 ||| PLANNING D:1-11
    62 | D:1      | Reached XP level 2. HP: 17/17 MP: 2/2
   589 | D:1      | Reached XP level 3. HP: 21/21 MP: 3/3
   693 | D:1      | Reached skill level 5 in Ranged Weapons
   808 | D:1      | 808 ||| UPGRADING to +4 ring mail.
   818 | D:1      | 818 ||| DROPPING +0 leather armour.
   819 | D:1      | 819 ||| READING scroll labelled WUAMUC SUHYIDI.
   820 | D:1      | 820 ||| READING 2 scrolls labelled CACUNA UFRANA.
   821 | D:1      | 821 ||| DRINKING 2 inky potions.
   822 | D:1      | 822 ||| DROPPING scroll of butterflies.
  1074 | D:2      | Noticed Terence
  1083 | D:2      | HP: 1/21 [Terence/+4 morningstar of flaming (10)]
  1083 | D:2      | Slain by Terence

Levels and vault maps discovered:
D:1:      matt_arrival_diagonals, layout_basic
D:2:      layout_loops_cross, kennysheep_doodads, nrook_loot_triangle,
          uniq_terence

Skill      XL: |  1  2  3 |
---------------+----------+-----
Ranged Weapons | 5 |  5.0
Fighting       | |  2.2
Armour         | |  0.8
Dodging        | |  1.5
Stealth        | |  1.1

Action                     || total
---------------------------++-------
   Fire: Shortbow          ||    81
    Use: Scroll            ||     2
         Potion            ||     1
 Armour: Leather armour    ||     3
         Ring mail         ||     1
  Dodge: Dodged            ||     6

Table legend:
 A = Non-vault XP
 B = Vault XP
 C = Vault XP percentage of total XP
 D = Non-vault monster count
 E = Vault monster count
 F = Vault count percentage of total count
                 A         B        C        D         E       F
            +---------+---------+-------+---------+---------+-------
      Total |      50 |       0 |   0.0 |      30 |       0 |   0.0
            +---------+---------+-------+---------+---------+-------
        D:1 |      40 |       0 |   0.0 |      24 |       0 |   0.0
        D:2 |      10 |       0 |   0.0 |       6 |       0 |   0.0
            +---------+---------+-------+---------+---------+-------
